 Seeded DCSS version 0.29-a0-234-g0dae59b3db (webtiles) character file.

Game seed: 54321234 (custom seed)

50 jij1949 the Insei (level 3, -4/20 HPs)
             Began as a Vampire Transmuter on Mar 3, 2022.
             Was an Initiate of Ru.
             Killed by divine providence
             ... invoked by an orc priest
              (10 damage)
             ... on level 3 of the Dungeon.
             The game lasted 00:15:50 (1709 turns).

jij1949 the Insei (Vampire Transmuter)              Turns: 1709, Time: 00:15:50

Health: -4/20      AC:  5    Str:  8 (11) XL:     3   Next: 55%
Magic:  6/6        EV: 10    Int: 12 (15) God:    Ru [......]
Gold:   80         SH:  0    Dex: 10 (14) Spells: 5/6 levels left

rFire   . . .      SeeInvis +   e - +1 mace (protect)
rCold   + + .      Faith    .   (no shield)
rNeg    + + +      Spirit   .   c - +0 ring mail
rPois   ∞          Reflect  .   v - +0 hat
rElec   .          Harm     .   (no cloak)
rCorr   .          Rampage  .   (no gloves)
Will    .....                   (no boots)
Stlth   +++.......              j - amulet of regeneration
HPRegen 0.00/turn               (no ring)
MPRegen 0.10/turn               (no ring)

@: bloodless, inhibited regen
A: bloodless, fangs 3, see invisible, vampiric 2
a: Bat Form, Revivify, Renounce Religion


You were on level 3 of the Dungeon.
You worshipped Ru.
Ru was noncommittal.
You visited 1 branch of the dungeon, and saw 3 of its levels.

You collected 80 gold pieces.

Inventory:

Hand Weapons
 e - a +1 mace of protection (weapon)
 f - a +0 whip
 g - a +0 dagger
 h - a +0 spear
 k - a +0 short sword
 l - a +2 long sword of holy wrath
 r - a +0 club
 x - a +0 dagger
 y - a +0 hand axe
Missiles
 s - 38 stones
Armour
 a - a +0 robe
 c - a +0 ring mail (worn)
 m - a +0 leather armour
 o - a +0 leather armour
 v - a +0 hat (worn)
Jewellery
 j - an amulet of regeneration (around neck)
Scrolls
 b - a scroll of identify
 i - a scroll of blinking {unknown}
 n - a scroll of fear {unknown}
 q - a scroll of enchant armour {unknown}
Potions
 d - a potion of degeneration (quivered)
 p - a potion of haste
 t - a potion of brilliance
 u - a potion of mutation


   Skills:
 + Level 1.1 Fighting
 + Level 1.1 Maces & Flails
 + Level 0.5 Armour
 + Level 2.4 Dodging
 + Level 1.5 Stealth
 + Level 3.8 Unarmed Combat
 + Level 2.1 Spellcasting
 + Level 2.2 Transmutations


You had 5 spell levels left.
You knew the following spells:

 Your Spells              Type           Power      Damage    Failure   Level
a - Beastly Appendage     Tmut           12%        N/A       32%         1

Your spell library contained the following spells:

 Spells                   Type           Power      Damage    Failure   Level
 Wereblood                Tmut           6%         N/A       45%         2
 Animate Skeleton         Necr           2%         N/A       63%         1
 Pain                     Necr           4%         1d4       63%         1
 Summon Small Mammal      Summ           4%         N/A       63%         1
 Spider Form              Tmut/Pois      3%         N/A       85%         3
 Call Canine Familiar     Summ           1%         N/A       94%         3
 Summon Guardian Golem    Hex/Summ       1%         N/A       94%         3
 Vampiric Draining        Necr           1%         2d6       94%         3
 Ice Form                 Ice/Tmut       3%         N/A       99%         4


Dungeon Overview and Level Annotations

Branches:
Dungeon (3/15)

Altars:
Ru
Uskayaw

Shops:
D:1 [


Innate Abilities, Weirdness & Mutations

You do not regenerate when monsters are visible.
You are frail without blood (-20% HP).
You can heal yourself when you bite living creatures.
You are immune to poison.
You have razor-sharp teeth.
You have supernaturally acute eyesight. (SInv)
You are afflicted with vampirism and can become a bat while bloodless.


Message History

You enter the shallow water.
Moving in this stuff is going to be slow.
Found a runed long sword.
An orc comes into view. It is wielding a +0 hand axe.
An orc comes into view. It is wielding a +0 hand axe.
You see here a +2 long sword of holy wrath.
l - a +2 long sword of holy wrath This weapon is holy and will not allow you to wield it.
Casting: Beastly Appendage (safe; 32% risk of failure)
Confirm with . or Enter, or press ? or * to list all spells.
Your current blood level is not sufficient.
An orc and an orc priest come into view.
Okay, then.
The orc shouts! x2
Hit: e) +1 mace (protect)
Press: ? - help, Dir - move target, f - orc
Aim: an orc, wielding a +0 hand axe, wearing a +0 scale mail and quivering boomerangs (about 39% to evade your +1 mace of protection)
The orc priest shouts!
You hit the orc but do no damage.
Your weapon exudes an aura of protection.
The orc hits you with a +0 hand axe.
Hit: e) +1 mace (protect)
Press: ? - help, Dir - move target, f/p - orc
Aim: an orc, wielding a +0 hand axe, wearing a +0 scale mail and quivering boomerangs (about 39% to evade your +1 mace of protection)
You barely miss the orc. The orc misses you.
Unknown command.
Hit: e) +1 mace (protect)
Press: ? - help, Dir - move target, f/p - orc
Aim: an orc, wielding a +0 hand axe, wearing a +0 scale mail and quivering boomerangs (about 39% to evade your +1 mace of protection)
You hit the orc but do no damage. The orc hits you but does no damage.
The orc barely misses you.
A gnoll comes into view. It is wielding a +0 halberd.
The orc priest invokes the aid of Beogh against you.
Beogh smites you!
Ouch! That really hurt!
* * * LOW HITPOINT WARNING * * *
The orc priest calls down the wrath of Beogh upon you.
Beogh smites you!
Ouch! That really hurt!
You die...

....# #####**### ** #...#
#...,,,..# *, ....######.######.#
*, ...............##.# *******,
....######.###.##.# *,,,,,,,
##.## #.# #..#.# *,*****, #.#
#.###.#..# *,* *, #.# #....###.#
*,* *, *#+#* #####.#@## *,* **
*,,,** ##.## *,* ,,,,,** ###...#
*,* * ,,,,,,** ##.#oo.# **,** **
,,,,,,,####......#####***,,,****,
,,,,,,,+.......o......,,,,,,,,,+,
,,,,,,,####......#####*,*,,,****,
,,,,,,** ##.#.#.# *,,,,** **
,,,,,** #.#.#.# **,*** *


You could see an orc priest and 2 orcs.

Vanquished Creatures
  2 worms
  A dart slug (D:1)
  6 bats
  4 endoplasms
  A giant cockroach (D:2)
  3 goblins
  3 hobgoblins
  3 jackals (D:2)
  3 kobolds
  2 quokkas
  4 ball pythons (D:1)
  A frilled lizard (D:1)
  4 rats
37 creatures vanquished.

Notes
Turn   | Place    | Note
-------+----------+-------------------------------------------
     0 | D:1      | jij1949 the Vampire Transmuter began the quest for the Orb.
     0 | D:1      | Reached XP level 1. HP: 14/14 MP: 3/3
   424 | D:1      | Reached XP level 2. HP: 16/16 MP: 5/5
   448 | D:1      | Found Weporr's Armour Emporium.
   460 | D:1      | Reached skill level 1 in Fighting
   510 | D:1      | Found a faded altar of an unknown god.
   539 | D:1      | Prayed at the altar of an unknown god.
   539 | D:1      | Became a worshipper of Uskayaw the Reveller
   539 | D:1      | Reached * piety under Uskayaw
   635 | D:1      | Reached ** piety under Uskayaw
  1022 | D:2      | Reached skill level 1 in Maces & Flails
  1050 | D:2      | Gained mutation: You are afflicted with vampirism and can
                  | become a bat while bloodless. [Vampire growth]
  1050 | D:2      | Reached XP level 3. HP: 20/20 MP: 2/6
  1056 | D:2      | Reached skill level 1 in Stealth
  1610 | D:3      | Found a sacrificial altar of Ru.
  1633 | D:3      | Fell from the grace of Uskayaw
  1633 | D:3      | Became a worshipper of Ru the Awakened
  1709 | D:3      | Killed from afar by an orc priest

Illustrated notes

Levels and vault maps discovered:
D:1:      dpeg_arrival_ternary, layout_rooms,
          hellmonk_ecumenical_altar_crossroads, serial_shops,
          nicolae_shop_competitors_out_of_business,
          ebering_dispersal_statue_hall
D:2:      layout_basic, serial_shops, nicolae_shop_crystal
D:3:      layout_loops_corners, nicolae_ru_awakened_eye, kennysheep_nondescript

Skill      XL: |  1  2  3 |
---------------+----------+-----
Fighting       | 1 |  1.1
Maces & Flails | 1 |  1.1
Stealth        | 1 |  1.5
Armour         | |  0.5
Dodging        | |  2.4
Unarmed Combat | |  3.8
Spellcasting   | |  2.1
Transmutations | |  2.2

Action                   || total
-------------------------++-------
Melee: Mace              ||   120
       Bite              ||    15
       Unarmed           ||     5
       Punch             ||     6
Invok: Stomp             ||     2
 Abil: Exsanguinate      ||     1
       End Transformatio ||     1
       Bat Form          ||     1
  Use: Scroll            ||     4
       Potion            ||     5
 Stab: Sleeping          ||     6
       Distracted        ||     1
Armor: Ring mail         ||    67
Dodge: Dodged            ||    83

Table legend: (Time is in decaauts)
 A = Elapsed time spent in this place.
 B = Non-inter-level travel time spent in this place.
 C = Inter-level travel time spent in this place.
 D = Time resting spent in this place.
 E = Time spent auto-exploring this place.
 F = Levels seen in this place.
 G = Mean time per level.
                   A        B        C        D        E       F      G
               +--------+--------+--------+--------+--------+-----+--------+
         Total |   1716 |   1324 |    392 |      0 |    541 |   3 |  572.0 |
       Dungeon |   1716 |   1324 |    392 |      0 |    541 |   3 |  572.0 |
               +--------+--------+--------+--------+--------+-----+--------+

Top non-repeatable levels by time:
     D:1: 922 daAuts
     D:3: 398 daAuts
     D:2: 395 daAuts
